 Dungeon Crawl Stone Soup version 0.25.0-9-g26727b657a (webtiles) character file.

Game seed: 17821600584081220012

635 Infinimo the Geomancer (level 7, -5/36 HPs)
             Began as a Gargoyle Earth Elementalist on June 17, 2020.
             Was a Follower of Sif Muna.
             Killed by divine providence
             ... invoked by an orc priest
              (14 damage)
             ... on level 5 of the Dungeon.
             The game lasted 00:07:56 (5073 turns).

Infinimo the Geomancer (GrEE)                       Turns: 5073, Time: 00:07:59

Health: -5/36      AC:  9    Str: 11    XL:     7   Next: 50%
Magic:  1/13       EV: 12    Int: 18    God:    Sif Muna [*.....]
Gold:   141        SH:  0    Dex: 10    Spells: 7/15 levels left

rFire    . . .     SeeInvis +   n - +2 mace (protect)
rCold    . . .     Gourm    .   (no shield)
rNeg     + . .     Faith    .   c - +0 robe
rPois    ∞         Spirit   .   (no helmet)
rElec    +         Reflect  .   m - +2 cloak
rCorr    .         Harm     .   (no gloves)
MR       .....                  (no boots)
Stlth    ++........             (no amulet)
HPRegen  0.12/turn              h - ring of see invisible
MPRegen  0.13/turn              (no ring)

@: no status effects
A: negative energy resistance 1, electricity resistance, unbreathing,
petrification resistance, rot immunity, AC +4
a: Channel Magic, Renounce Religion


You were on level 5 of the Dungeon.
You worshipped Sif Muna.
Sif Muna was aware of your devotion.
You were not hungry.

You visited 2 branches of the dungeon, and saw 6 of its levels.

You collected 141 gold pieces.

Inventory:

Hand Weapons
 n - a +2 mace of protection (weapon)
Missiles
 q - 12 stones (quivered)
Armour
 c - a +0 robe (worn)
 m - a +2 cloak (worn)
Jewellery
 h - a ring of see invisible (left hand)
Scrolls
 a - a scroll of teleportation {unknown}
 b - a scroll of noise {unknown}
 f - a scroll of random uselessness {unknown}
 i - a scroll of blinking {unknown}
 l - a scroll of identify
 o - a scroll of fear {unknown}
 r - a scroll of remove curse
Potions
 e - 4 potions of heal wounds
 g - a potion of curing {unknown}
 j - 2 potions of stabbing {unknown}
 k - a potion of mutation {unknown}
 p - 4 potions of haste {unknown}
Comestibles
 d - 8 rations


   Skills:
 - Level 1.5 Dodging
 - Level 2.1 Stealth
 + Level 4.5 Spellcasting
 - Level 0.7 Transmutations
 * Level 8.6 Earth Magic


You had 7 spell levels left.
You knew the following spells:

 Your Spells              Type           Power        Failure   Level  Hunger
a - Sandblast             Erth           #####.       1%          1    None
b - Stone Arrow           Conj/Erth      ###...       7%          3    ###....
c - Petrify               Tmut/Erth      ###.....     21%         4    ####...

Your spell library contained the following spells:

 Spells                   Type           Power        Failure   Level  Hunger
 Passwall                 Tmut/Erth      ###.....     3%          2    #......
 Lee's Rapid Deconstruct  Erth           #####.....   11%         5    ######.
 Animate Skeleton         Necr           N/A          14%         1    None
 Apportation              Tloc           #.....       14%         1    None
 Corona                   Hex            #......      14%         1    None
 Magic Dart               Conj           #...         14%         1    None
 Summon Small Mammal      Summ           #...         14%         1    None
 Blink                    Tloc           N/A          22%         2    #......
 Call Imp                 Summ           #.......     22%         2    #......
 Slow                     Hex            #.......     22%         2    #......
 Conjure Flame            Conj/Fire      #.......     38%         3    ###....
 Mephitic Cloud           Conj/Pois/Air  #.......     38%         3    ###....


Dungeon Overview and Level Annotations

Branches:
Dungeon (5/15)             Temple (1/1) D:4

Altars:
Ashenzari
Cheibriados
Elyvilon
Fedhas
Gozag
Hepliaklqana
Kikubaaqudgha
Makhleb
Nemelex Xobeh
Okawaru
Qazlal
Ru
Sif Muna
Trog
Uskayaw
Xom
Zin
The Shining One

Annotations:
D:5 Pikel


Innate Abilities, Weirdness & Mutations

You are resistant to torment.
Your stone body is resilient. (AC +4)
You are immune to poison.
You resist negative energy. (rN+)
You are resistant to electric shocks. (rElec)
You can survive without breathing.
You are immune to petrification.
You are immune to rotting.


Message History

Aiming: Sandblast (safe; 1% risk of failure)
Press: ? - help, Shift-Dir - straight line, f - ogre
Aim: an ogre, wielding a +0 giant spiked club The blast of sand hits the ogre!!
The ogre is almost dead.
q - 13 stones The ogre hits you with a +0 giant spiked club!
* * * LOW HITPOINT WARNING * * *
Casting: Sandblast (safe; 1% risk of failure)
Confirm with . or Enter, or press ? or * to list all spells.
Aiming: Sandblast (safe; 1% risk of failure)
Press: ? - help, Shift-Dir - straight line, f/p - ogre
Aim: an ogre, wielding a +0 giant spiked club (almost dead)
The blast of sand hits the ogre!
You kill the ogre!
Sif Muna accepts your kill.
q - 12 stones The orc priest mumbles some strange prayers to Beogh against you.
Beogh smites you!
You die...

......)............
#.#####...........# #.#
####.....#..# #.#
###.###..# #
#.##########.###..##.##.
..o.o.O.O.# .. ........W
#.#######.# ####.....#
..# #.######.# ###
#....o.o@# # #.########
# #.# # #.# # #.# # #.#
### #.. ..# #. ..######


You could see an orc priest and an orc.

Vanquished Creatures
  An ogre (D:5)
  Blork the orc (D:5)
  A hound (D:3)
  Crazy Yiuf (D:2)
  An orc priest (D:3)
  3 orc wizards
  2 centaur skeletons
  Terence (D:2)
  A worker ant (D:5)
  3 adders (D:2)
  4 gnolls (D:5)
  5 oozes
  2 worms
  3 leopard geckos (D:3)
  12 orcs
  11 bats
  5 giant cockroaches (D:1)
  7 goblins
  7 hobgoblins
  15 jackals
  5 kobolds
  4 quokkas
  11 frilled lizards
  A jackal skeleton (D:4)
  12 rats
119 creatures vanquished.

Notes
Turn   | Place    | Note
-------+----------+-------------------------------------------
     0 | D:1      | Infinimo the Gargoyle Earth Elementalist began the quest
                  | for the Orb.
     0 | D:1      | Reached XP level 1. HP: 10/10 MP: 3/3
     1 | D:1      | Found a runed translucent door.
   277 | D:1      | Reached skill level 4 in Earth Magic
   300 | D:1      | Reached XP level 2. HP: 15/15 MP: 1/5
   722 | D:1      | Reached XP level 3. HP: 16/19 MP: 3/6
  1100 | D:2      | Reached skill level 5 in Earth Magic
  1146 | D:2      | Found a burning altar of Makhleb.
  1146 | D:2      | Found a blossoming altar of Fedhas.
  1185 | D:2      | Noticed Terence
  1287 | D:2      | Killed Terence
  1287 | D:2      | Reached XP level 4. HP: 5/24 MP: 0/8
  1543 | D:2      | Found a stormy altar of Qazlal.
  2003 | D:2      | Found a runed translucent door.
  2004 | D:2      | Noticed Crazy Yiuf
  2067 | D:2      | Reached XP level 5. HP: 28/28 MP: 6/9
  2114 | D:2      | Learned a level 3 spell: Stone Arrow
  2119 | D:2      | Learned a level 4 spell: Petrify
  2286 | D:2      | Killed Crazy Yiuf
  2286 | D:2      | Reached skill level 6 in Earth Magic
  2909 | D:3      | Reached XP level 6. HP: 32/32 MP: 8/11
  3273 | D:4      | Reached skill level 7 in Earth Magic
  3303 | D:4      | Found a staircase to the Ecumenical Temple.
  3454 | Temple   | Entered the Ecumenical Temple
  3675 | Temple   | Became a worshipper of Sif Muna the Loreminder
  4422 | D:5      | Entered Level 5 of the Dungeon
  4457 | D:5      | Noticed a slave
  4458 | D:5      | Noticed a slave
  4458 | D:5      | Noticed a slave
  4461 | D:5      | Noticed Pikel
  4461 | D:5      | Noticed a slave
  4567 | D:5      | Noticed Blork the orc
  4570 | D:5      | Killed Blork the orc
  4570 | D:5      | Reached XP level 7. HP: 33/36 MP: 8/13
  4589 | D:5      | Reached skill level 8 in Earth Magic
  4726 | D:5      | Reached * piety under Sif Muna
  4978 | D:5      | Found a blossoming altar of Fedhas.
  5073 | D:5      | Killed from afar by an orc priest

Illustrated notes

Levels and vault maps discovered:
D:1:      dpeg_arrival_caged_fury, layout_rooms, chequers_serial_rivers_small_a
D:2:      layout_basic, nicolae_overflow_hidden_temple, hangedman_decor_points,
          uniq_terence, uniq_crazy_yiuf_cottage
D:3:      layout_rooms, first_ration
D:4:      minmay_door_path, layout_loops_cross, minmay_temple_entry_junction_2,
          grunt_tough_drop
D:5:      layout_loops_ring, chequers_temple_overflow_statue_of_worship,
          fedhas_altar_2, uniq_blork_the_orc, uniq_pikel
Temple:   regret_index_temple_generic_petals

Skill      XL: |  1  2  3  4  5  6  7 |
---------------+----------------------+-----
Earth Magic    | 4 5 6 7 8 |  8.6
Spellcasting   | 3 4 |  4.5
Dodging        | |  1.5
Stealth        | |  2.1
Transmutations | |  0.7

Action                   |  1- 3 |  4- 6 |  7- 9 || total
-------------------------+-------+-------+-------++-------
Melee: Unarmed           |     6 |       |       ||     6
       Dagger            |    51 |     1 |       ||    52
       Mace              |       |     1 |    35 ||    36
 Cast: Sandblast         |    46 |   100 |     8 ||   154
       Stone Arrow       |       |       |    10 ||    10
  Use: Scroll            |       |     3 |       ||     3
 Stab: Sleeping          |     1 |       |       ||     1
  Eat: Chunk             |     1 |    11 |     2 ||    14
Armor: Robe              |    40 |     8 |    14 ||    62
Dodge: Dodged            |    57 |    14 |    29 ||   100
